 Dungeon Crawl Stone Soup version 0.27-a0-652-g2d5cf1dcd3 (webtiles) character file.

Game seed: 9043524195237559494

135 Johnny the Magician (level 4, 0/27 HPs)
             Began as a Deep Elf Earth Elementalist on Mar 16, 2021.
             Slain by a kobold
             ... wielding a +0 whip
              (4 damage)
             ... on level 3 of the Dungeon.
             The game lasted 00:03:34 (3692 turns).

Johnny the Magician (Deep Elf Earth Elementalist)   Turns: 3692, Time: 00:03:35

Health: 0/27       AC:  3    Str:  5    XL:     4   Next: 97%
Magic:  3/12       EV: 12    Int: 21    God:
Gold:   145        SH:  0    Dex: 15    Spells: 7/11 levels left

rFire    . . .     SeeInvis .   e - +0 dagger
rCold    . . .     Faith    .   (no shield)
rNeg     . . .     Spirit   .   c - +0 robe
rPois    .         Reflect  .   g - +0 helmet
rElec    .         Harm     .   (no cloak)
rCorr    .         Rampage  .   (no gloves)
Will     .....                  (no boots)
Stlth    ++........             (no amulet)
HPRegen  0.09/turn              (no ring)
MPRegen  0.13/turn              (no ring)

@: very slightly contaminated
A: no striking features
a: no special abilities


You were on level 3 of the Dungeon.
You visited 1 branch of the dungeon, and saw 4 of its levels.

You collected 145 gold pieces.

Inventory:

Hand Weapons
 e - a +0 dagger (weapon)
Armour
 c - a +0 robe (worn)
 g - a +0 helmet (worn)
Wands
 b - a wand of digging (3)
 m - a wand of polymorph (3)
Scrolls
 a - 2 scrolls of magic mapping {unknown}
 d - a scroll of amnesia {unknown}
 f - a scroll of fog {unknown}
 k - 2 scrolls of enchant armour {unknown}
 n - 3 scrolls of immolation {unknown}
 o - a scroll of enchant weapon {unknown}
 q - a scroll of teleportation {unknown}
Potions
 h - 3 potions of curing {unknown}
 i - a potion of brilliance {unknown}
 j - a potion of heal wounds {unknown}
 l - a potion of ambrosia {unknown}
 p - a potion of attraction {unknown}


   Skills:
 * Level 2.6 Fighting
 - Level 2.4 Dodging
 - Level 2.4 Stealth
 + Level 4.3 Spellcasting
 - Level 1.1 Transmutations
 + Level 4.2 Earth Magic


You had 7 spell levels left.
You knew the following spells:

 Your Spells              Type           Power      Damage    Failure   Level
a - Sandblast             Erth           44%        2d11      1%          1
b - Stone Arrow           Conj/Erth      26%        3d8       14%         3

Your spell library contained the following spells:

 Spells                   Type           Power      Damage    Failure   Level
 Passwall                 Tmut/Erth      12%        N/A       6%          2
 Petrify                  Tmut/Erth      15%        N/A       36%         4
 Lee's Rapid Deconstruct  Erth           11%        3d9*      50%         5


Dungeon Overview and Level Annotations

Branches:
Dungeon (4/15)
 Temple: D:4-7

Altars:
Makhleb
Qazlal
Wu Jian

Annotations:
D:3 Robin, Terence


Message History

The rat bites you but does no damage. The kobold hits you with a +0 whip.
You are too injured to fight recklessly!
You are too injured to fight recklessly!
You are too injured to fight recklessly!
You are too injured to fight recklessly!
You are too injured to fight recklessly!
You are too injured to fight recklessly!
You are too injured to fight recklessly!
Casting: Stone Arrow (quite dangerous; 14% risk of failure)
Confirm with . or Enter, or press ? or * to list all spells.
The spell is quite dangerous to cast (14% risk of failure)!
Continue anyway?
Aiming: Stone Arrow (quite dangerous; 14% risk of failure)
Press: ? - help, Shift-Dir - straight line, f - rat
Aim: a rat (heavily wounded, 32% to evade)
You miscast Stone Arrow.
You are very lightly contaminated with residual magic.
Nothing appears to happen.
The rat bites you. The kobold misses you.
Casting: Stone Arrow (quite dangerous; 14% risk of failure)
Confirm with . or Enter, or press ? or * to list all spells.
The spell is quite dangerous to cast (14% risk of failure)!
Continue anyway?
Uppercase [Y]es or [N]o only, please.
The spell is quite dangerous to cast (14% risk of failure)!
Continue anyway? [Y]es or [N]o only, please.
The spell is quite dangerous to cast (14% risk of failure)!
Continue anyway?
Aiming: Stone Arrow (quite dangerous; 14% risk of failure)
Press: ? - help, Shift-Dir - straight line, f/p - rat
Aim: a rat (heavily wounded, 32% to evade)
The stone arrow misses the rat.
The rat barely misses you. The kobold hits you with a +0 whip!
* * * LOW HITPOINT WARNING * * *
Casting: Stone Arrow (quite dangerous; 14% risk of failure)
Confirm with . or Enter, or press ? or * to list all spells.
The spell is quite dangerous to cast (14% risk of failure)!
Continue anyway?
Aiming: Stone Arrow (quite dangerous; 14% risk of failure)
Press: ? - help, Shift-Dir - straight line, f/p - rat
Aim: a rat (heavily wounded, 32% to evade)
The stone arrow hits the rat!
You kill the rat!
The kobold hits you with a +0 whip.
You die...

.###.##.#.# #........#
###)......# #........######
#...#.### #.............#
#)#.#.# #.............#
###)#.#.#######.#...........#
.##.#...........#....########
.##.##.......!..#....#
.##.##.>........#r...#
....###.##......@K...#
.................#####
.######.##.......# .#
#.##!......# .# #.##.......#
.######.##.......#
..g.g...###......# #########
########


You could see a kobold and a rat.

Vanquished Creatures
  Ijyb (D:3)
  5 adders
  2 oozes
  2 orcs (D:3)
  8 ball pythons
  A giant cockroach (D:3)
  3 hobgoblins (D:3)
  6 jackals (D:2)
  A quokka (D:2)
  6 bats
  2 frilled lizards
  9 goblins
  2 kobolds
  9 rats
57 creatures vanquished.

Vanquished Creatures (others)
  2 plants (D:2)
2 creatures vanquished.

Grand Total: 59 creatures vanquished

Notes
Turn   | Place    | Note
-------+----------+-------------------------------------------
     0 | D:1      | Johnny the Deep Elf Earth Elementalist began the quest for
                  | the Orb.
     0 | D:1      | Reached XP level 1. HP: 10/10 MP: 6/6
   286 | D:1      | Reached XP level 2. HP: 7/16 MP: 1/8
   613 | D:1      | Reached skill level 1 in Fighting
  1320 | D:2      | Reached XP level 3. HP: 17/20 MP: 3/10
  1677 | D:2      | Found a burning altar of Makhleb.
  1839 | D:2      | Found an ornate altar of the Wu Jian Council.
  2571 | D:3      | Noticed Ijyb
  2878 | D:3      | Killed Ijyb
  2879 | D:3      | Reached XP level 4. HP: 10/26 MP: 1/12
  3089 | D:3      | Noticed Robin
  3243 | D:4      | Learned a level 3 spell: Stone Arrow
  3437 | D:3      | Found a stormy altar of Qazlal.
  3450 | D:3      | Noticed Terence
  3692 | D:3      | Slain by a kobold

Illustrated notes

Levels and vault maps discovered:
D:1:      dpeg_arrival_pits, layout_loops_corners
D:2:      layout_loops_ring, nicolae_wu_jian_immortal_techniques,
          general_overflow_altar, minmay_shallow_snake_nest
D:3:      layout_basic, lemuel_doored_altar, uniq_ijyb, uniq_robin, uniq_terence
D:4:      layout_cave_pools, minmay_temple_entry_tees, serial_column_ruins,
          column_ruins_columns_straight, column_ruins_grid_1,
          column_ruins_columns_straight, column_ruins_corridor_straight,
          column_ruins_columns_dead_end, column_ruins_corridor_corner,
          uniq_sigmund, uniq_crazy_yiuf_cottage

Skill      XL: |  1  2  3 |
---------------+----------+-----
Fighting       | 1 2 |  2.6
Spellcasting   | 4 |  4.3
Earth Magic    | 4 |  4.2
Dodging        | |  2.4
Stealth        | |  2.4
Transmutations | |  1.1

Action                   |  1- 3 |  4- 6 || total
-------------------------+-------+-------++-------
Melee: Unarmed           |     6 |       ||     6
       Dagger            |    14 |    25 ||    39
 Cast: Sandblast         |    60 |    10 ||    70
       Stone Arrow       |       |     5 ||     5
 Stab: Sleeping          |     2 |     1 ||     3
Armor: Robe              |    20 |     9 ||    29
Dodge: Dodged            |    35 |    34 ||    69

Table legend: (Time is in decaauts)
 A = Elapsed time spent in this place.
 B = Non-inter-level travel time spent in this place.
 C = Inter-level travel time spent in this place.
 D = Time resting spent in this place.
 E = Time spent auto-exploring this place.
 F = Levels seen in this place.
 G = Mean time per level.
                   A        B        C        D        E       F      G
               +--------+--------+--------+--------+--------+-----+--------+
         Total |   3686 |   3543 |    143 |    863 |   2218 |   4 |  921.5 |
       Dungeon |   3686 |   3543 |    143 |    863 |   2218 |   4 |  921.5 |
               +--------+--------+--------+--------+--------+-----+--------+

Top non-repeatable levels by time:
     D:2: 1714 daAuts
     D:1: 1173 daAuts
     D:3: 634 daAuts
     D:4: 163 daAuts
